 Dungeon Crawl Stone Soup version 0.29.1-15-g9cfb28693d (webtiles) character file.

Game seed: 8615706270560097258

7981 cowcol the Cleaver (level 11, -7/99 HPs)
             Began as a Minotaur Fighter on Mar 23, 2023.
             Was an Elder of Okawaru.
             Mangled by an eight-headed hydra (9 damage)
             ... on level 11 of the Dungeon.
             The game lasted 00:35:05 (17123 turns).

cowcol the Cleaver (Minotaur Fighter)              Turns: 17123, Time: 00:35:07

Health: -7/99      AC: 21    Str: 28    XL:     11   Next: 3%
Magic:  0/20       EV:  7    Int: 15    God:    Okawaru [****..]
Gold:   446        SH:  4    Dex:  6    Spells: 10/10 levels left

rFire   + + +      SeeInvis +   p - +2 mace of Leadaz {speed, rPois rF+}
rCold   x . .      Faith    .   c - +0 buckler
rNeg    . . .      Spirit   +   Q - +3 plate armour {rF+}
rPois   +          Reflect  .   T - +0 hat
rElec   .          Harm     .   G - +0 cloak
rCorr   .          Rampage  .   (no gloves)
Will    .....                   f - +0 pair of boots
Stlth   ..........              r - amulet of guardian spirit
HPRegen 0.26/turn               U - ring of Ipuclel {Fire rPois Int+3 Stlth-}
MPRegen 0.17/turn               I - ring "Juaj" {MP+9 Str+2 Int+6 Dex-4 SInv}

@: no status effects
A: horns 2, retaliatory headbutt, talons 1, strong 1
a: Renounce Religion, Heroism, Finesse


You were on level 11 of the Dungeon.
You worshipped Okawaru.
Okawaru was greatly pleased with you.
You visited 2 branches of the dungeon, and saw 12 of its levels.
You also visited: Bailey.

You collected 980 gold pieces.
You spent 534 gold pieces at shops.

Inventory:

Hand Weapons
 a - a +0 war axe
 k - a +0 long sword
 p - the +2 mace of Leadaz (weapon) {speed, rPois rF+}
   (You took it off a kobold brigand on level 6 of the Dungeon)

   Attacks with this weapon are significantly faster.
   rF:        It protects you from fire.
   rPois:     It protects you from poison.
 y - a +2 antimagic hand axe
 L - a +0 battleaxe of venom
 O - a +2 broad axe
Missiles
 h - 24 boomerangs (quivered)
 q - 65 stones
 E - 34 poisoned darts
Armour
 b - a +0 scale mail
 c - a +0 buckler (worn)
 f - a +0 pair of boots (worn)
 i - a +0 chain mail
 u - a +0 plate armour
 G - a +0 cloak (worn)
 Q - a +3 plate armour of fire resistance (worn)
 T - a +0 hat (worn)
Jewellery
 o - an amulet of reflection
 r - an amulet of guardian spirit (around neck)
 t - an amulet of the acrobat
 D - a ring of positive energy
 F - a ring of resist corrosion
 I - the ring "Juaj" (right hand) {MP+9 Str+2 Int+6 Dex-4 SInv}
   (You found it on level 8 of the Dungeon)

   [ring of magical power]

   Str:       It affects your strength (+2).
   Int:       It affects your intelligence (+6).
   Dex:       It affects your dexterity (-4).
   MP:        It affects your magic capacity (+9).
   SInv:      It lets you see invisible.
 J - a ring of wizardry
 U - the ring of Ipuclel (left hand) {Fire rPois Int+3 Stlth-}
   (You bought it in a shop on level 10 of the Dungeon)

   [ring of fire]

   It enhances your fire magic.
   Int:       It affects your intelligence (+3).
   rF:        It protects you from fire.
   rC:        It makes you vulnerable to cold.
   rPois:     It protects you from poison.
   Stlth:     It makes you less stealthy.
Wands
 A - a wand of polymorph (12)
 N - a wand of paralysis (12)
Scrolls
 n - 2 scrolls of teleportation
 w - a scroll of immolation {unknown}
 x - 4 scrolls of fog
 B - 2 scrolls of summoning
 H - a scroll of vulnerability {unknown}
 K - 2 scrolls of poison
 P - 2 scrolls of noise {unknown}
Potions
 d - a potion of brilliance {unknown}
 e - a potion of curing
 g - 4 potions of flight
 j - 3 potions of mutation
 l - 2 potions of lignification
 m - 2 potions of magic
 s - 2 potions of attraction {unknown}
 v - a potion of resistance {unknown}
 z - 2 potions of haste {unknown}
 C - a potion of ambrosia {unknown}
 M - 2 potions of degeneration {unknown}
 S - a potion of might
Miscellaneous
 R - a phantom mirror


   Skills:
 + Level 9.7 Fighting
 + Level 14.0 Axes
 + Level 1.4 Throwing
 + Level 11.5 Armour
 - Level 5.0 Shields
 - Level 2.0 Invocations


You had 10 spell levels left.
You didn't know any spells.
Your spell library contained the following spells:

 Spells                   Type           Power      Damage    Failure   Level
 Beastly Appendage        Tmut           0%         N/A       95%         1
 Wereblood                Tmut           0%         N/A       98%         2
 Spider Form              Tmut/Pois      0%         N/A       100%        3


Dungeon Overview and Level Annotations

Branches:
Dungeon (11/15)            Temple (1/1) D:4            Lair (0/5) D:8
    Orc (0/2) D:10         Bailey (visited)

Altars:
Ashenzari
Cheibriados
Dithmenos
Elyvilon
Fedhas
Gozag
Hepliaklqana
Kikubaaqudgha
Makhleb
Nemelex Xobeh
Okawaru
Qazlal
Ru
Sif Muna
Trog
Uskayaw
Vehumet
Wu Jian
Xom
Yredelemnul
Zin
The Shining One

Shops:
D:1 *   D:2 (   D:10 =(

Portals:
Trove: D:10 (give 8 potions of haste)


Innate Abilities, Weirdness & Mutations

You have a pair of horns on your head.
You reflexively headbutt those who attack you in melee.
You have sharp toenails.
Your muscles are strong. (Str +4, Int/Dex -1)


Message History

The eight-headed hydra is severely wounded.
The eight-headed hydra bites you but does no damage.
The eight-headed hydra bites you! x2
The eight-headed hydra bites you but does no damage. x2
The eight-headed hydra barely misses you.
You block the eight-headed hydra's attack.
The eight-headed hydra bites you but does no damage.
You thump the eight-headed hydra!
The eight-headed hydra is almost dead.
The eight-headed hydra barely misses you.
The eight-headed hydra bites you but does no damage. x2
The eight-headed hydra bites you.
The eight-headed hydra closely misses you.
The eight-headed hydra bites you but does no damage.
The eight-headed hydra bites you!
* * * LOW HITPOINT WARNING * * *
The eight-headed hydra bites you but does no damage.
Okay, then.
Okay, then.
Okay, then.
The eight-headed hydra attacks as you move away!
The eight-headed hydra bites you but does no damage. x2
The eight-headed hydra closely misses you.
The eight-headed hydra bites you but does no damage.
The eight-headed hydra barely misses you.
The eight-headed hydra bites you but does no damage. x2
You block the eight-headed hydra's attack.
The eight-headed hydra attacks as you move away!
The eight-headed hydra bites you!
* * * LOW HITPOINT WARNING * * *
The eight-headed hydra bites you.
* * * LOW HITPOINT WARNING * * *
The eight-headed hydra closely misses you.
The eight-headed hydra bites you but does no damage. x2
The eight-headed hydra bites you.
* * * LOW HITPOINT WARNING * * *
The eight-headed hydra bites you!
* * * LOW HITPOINT WARNING * * *
The eight-headed hydra bites you!
You die...

########################
........................
#.@D.....<........#
#............#....#
#............#....#
#...####...........
#...# #...........
#..............####
#..............#
#.##+####...##.#
#...##.#


You could see an eight-headed hydra.

Vanquished Creatures
  A two-headed ogre (D:9)
  Maurice (D:11)
  An elephant (D:8)
  An unseen horror (D:11)
  2 trolls
  2 hornets
  6 yaks (D:8)
  A steam dragon (D:7)
  A basilisk (D:8)
  Menkaure (D:5)
  Edmund (D:5)
  An acid dragon (D:10)
  4 orc warriors
  3 sky beasts
  2 black bears
  3 ogres
  4 centaurs (D:11)
  2 phantoms
  4 kobold brigands
  2 gnoll sergeants
  2 scorpions
  4 bullfrogs
  5 necrophages
  6 wights
  4 killer bees (D:10)
  4 howler monkeys
  3 hounds
  A gnoll bouda (D:4)
  6 orc priests
  A jelly (D:5)
  2 iguanas
  4 orc wizards
  16 gnolls
  12 adders
  2 shadow imps
  A white imp (D:7)
  An ufetubus (D:6)
  2 dart slugs
  29 orcs
  4 ball pythons
  7 bats
  7 endoplasms
  5 giant cockroaches
  14 goblins
  11 hobgoblins
  7 jackals
  3 quokkas
  9 frilled lizards
  39 kobolds
  10 rats
264 creatures vanquished.

Vanquished Creatures (others)
  3 plants (D:8)
  4 toadstools (D:10)
7 creatures vanquished.

Grand Total: 271 creatures vanquished

Notes
Turn   | Place    | Note
-------+----------+-------------------------------------------
     0 | D:1      | cowcol the Minotaur Fighter began the quest for the Orb.
     0 | D:1      | Reached XP level 1. HP: 19/19 MP: 0/0
   212 | D:1      | Found a faded altar of an unknown god.
   283 | D:1      | Reached XP level 2. HP: 27/27 MP: 1/1
   337 | D:1      | Found Venlehon's Assorted Antiques.
   642 | D:1      | Reached XP level 3. HP: 33/33 MP: 2/2
  1048 | D:2      | Reached skill level 3 in Axes
  1342 | D:2      | Reached XP level 4. HP: 40/40 MP: 3/3
  1558 | D:2      | Reached skill level 4 in Axes
  1921 | D:2      | Found Davvathylu's Antique Weapon Shop.
  2423 | D:3      | Reached XP level 5. HP: 47/47 MP: 4/4
  2438 | D:3      | Reached skill level 5 in Axes
  3372 | D:4      | Noticed a phantom
  3389 | D:4      | Killed a phantom
  3390 | D:4      | Reached skill level 5 in Armour
  3390 | D:4      | Reached XP level 6. HP: 47/53 MP: 5/5
  3958 | D:4      | Reached skill level 6 in Axes
  4291 | D:4      | Gained mutation: You occasionally lose the ability to read
                  | scrolls when taking damage. [potion of mutation]
  4291 | D:4      | Gained mutation: You have a pair of large horns on your
                  | head. [potion of mutation]
  4292 | D:4      | Lost mutation: You occasionally lose the ability to read
                  | scrolls when taking damage. [potion of mutation]
  4292 | D:4      | Lost mutation: You have a pair of large horns on your head.
                  | [potion of mutation]
  4292 | D:4      | Gained mutation: You have sharp toenails. [potion of
                  | mutation]
  4292 | D:4      | Gained mutation: Your muscles are strong. (Str +4, Int/Dex
                  | -1) [potion of mutation]
  4361 | D:4      | Found a staircase to the Ecumenical Temple.
  4366 | Temple   | Entered the Ecumenical Temple
  4469 | Temple   | Became a worshipper of Warmaster Okawaru
  4655 | D:4      | Reached skill level 5 in Fighting
  4838 | D:5      | Entered Level 5 of the Dungeon
  4850 | D:5      | Reached skill level 1 in Throwing
  4850 | D:5      | Reached XP level 7. HP: 58/61 MP: 4/6
  5035 | D:5      | Noticed Edmund
  5040 | D:5      | Reached skill level 5 in Shields
  5049 | D:5      | Killed Edmund
  5049 | D:5      | Reached * piety under Okawaru
  5050 | D:5      | Reached skill level 7 in Axes
  5782 | D:5      | Reached skill level 8 in Axes
  5782 | D:5      | Reached XP level 8. HP: 70/70 MP: 7/7
  5920 | D:5      | Noticed Menkaure
  5927 | D:5      | Killed Menkaure
  6551 | D:6      | Reached skill level 9 in Axes
  6552 | D:6      | Reached ** piety under Okawaru
  6969 | D:6      | Identified the +2 mace of Leadaz {speed, rPois rF+}
  7532 | D:6      | Reached skill level 10 in Axes
  8470 | D:7      | Reached XP level 9. HP: 40/79 MP: 3/8
  9750 | D:7      | Reached skill level 11 in Axes
 11198 | D:8      | Reached skill level 1 in Invocations
 11436 | D:8      | Identified the ring "Juaj" {MP+9 Str+2 Int+6 Dex-4 SInv}
 11772 | D:8      | Noticed an elephant
 11789 | D:8      | Killed an elephant
 11800 | D:8      | Reached *** piety under Okawaru
 12454 | D:8      | Reached skill level 12 in Axes
 12492 | D:8      | Received a gift from Okawaru
 12497 | D:8      | Reached XP level 10. HP: 74/88 MP: 10/10
 12502 | D:8      | Reached skill level 10 in Armour
 12884 | D:8      | Found a staircase to the Lair.
 13257 | D:9      | Noticed a two-headed ogre
 13265 | D:9      | Killed a two-headed ogre
 13463 | D:9      | Reached **** piety under Okawaru
 13570 | D:9      | Reached skill level 13 in Axes
 13609 | D:9      | Found a flagged portal.
 13618 | Bailey   | Entered a bailey
 14778 | D:9      | Found a radiant altar of Vehumet.
 14809 | D:9      | Found a white marble altar of Elyvilon.
 15131 | D:10     | Entered Level 10 of the Dungeon
 15146 | D:10     | Found Westra's Jewellery Boutique.
 15153 | D:10     | Bought the ring of Ipuclel {Fire rPois Int+3 Stlth-} for
                  | 534 gold pieces
 15650 | D:10     | Found a staircase to the Orcish Mines.
 15919 | D:10     | Found a snail-covered altar of Cheibriados.
 15936 | D:10     | Found Erheagoe's Antique Weapon Shoppe.
 16144 | D:10     | Found a portal to a secret trove of treasure.
 16826 | D:11     | Noticed Maurice
 16842 | D:11     | Killed Maurice
 16843 | D:11     | Reached skill level 14 in Axes
 16843 | D:11     | Reached XP level 11. HP: 81/99 MP: 11/11
 16845 | D:11     | Noticed an eight-headed hydra
 17123 | D:11     | HP: 2/99 [eight-headed hydra (10)]
 17123 | D:11     | Mangled by an eight-headed hydra

Illustrated notes

Levels and vault maps discovered:
D:1:      psy_arrival_fountain, layout_loops_corners,
          hellmonk_ecumenical_altar_arch_garden, serial_shops,
          nicolae_shop_behind_doors, minmay_surrounded
D:2:      minmay_evil_eye, layout_rooms, serial_shops, nicolae_lakefront_shop
D:3:      layout_basic
D:4:      layout_loops_cross, temple_doors_cd
D:5:      layout_basic, uniq_edmund, uniq_menkaure
D:6:      layout_basic, hangedman_decor_growths
D:7:      layout_basic
D:8:      layout_rooms, david_lair_generic, minmay_door_square
D:9:      layout_basic, mainiacjoe_overflow_big_doors, enter_bailey_4
D:10:     layout_rooms, mainiacjoe_overflow_alcove_2,
          nicolae_trove_entry_crystal, serial_shops, nicolae_square_shop,
          nicolae_shop_temple_entry_statues_fountains, minivault_24,
          minmay_gold_behind_fungi
D:11:     layout_stronghold, uniq_maurice
Temple:   nicolae_temple_bog_church

Skill      XL: |  1  2  3  4  5  6  7  8  9 10 |
---------------+-------------------------------+-----
Armour         | 4 5 6 7 9 11 | 11.5
Shields        | 4 5 |  5.0
Fighting       | 4 5 7 8 9 |  9.7
Axes           | 3 4 5 6 8 10 12 14 | 14.0
Throwing       | 1 |  1.4
Invocations    | 1 2 |  2.0

Action                   |  1- 3 |  4- 6 |  7- 9 | 10-12 || total
-------------------------+-------+-------+-------+-------++-------
Melee: War axe           |    83 |   167 |   264 |    75 ||   589
       Headbutt          |     5 |    19 |    51 |    30 ||   105
       Broad axe         |       |       |       |   102 ||   102
       Mace              |       |       |       |     4 ||     4
Throw: Stone             |       |     7 |     3 |       ||    10
       Dart              |       |     9 |    21 |     9 ||    39
       Boomerang         |       |       |       |     6 ||     6
Invok: Heroism           |       |       |     7 |     8 ||    15
Evoke: Wand              |       |       |       |     1 ||     1
  Use: Scroll            |       |     3 |     4 |     6 ||    13
       Potion            |       |     5 |     2 |     5 ||    12
Armor: Scale mail        |    35 |    70 |    13 |       ||   118
       Chain mail        |       |       |   102 |    10 ||   112
       Plate armour      |       |       |       |   171 ||   171
Dodge: Dodged            |    34 |    54 |    75 |    87 ||   250
Block: Buckler           |    21 |    45 |    33 |    60 ||   159
